[Event "Titled Tuesday Blitz March 08 Early 2022"]
[White "Nguyen, Thi Minh Oanh"]
[Black "Silva, Miguel Antonio Neto"]
[WhiteFideId "12404080"]
[BlackFideId "1911929"]
[WhiteElo "1825"]
[BlackElo "2204"]
[Result "0-1"]
[Round "10"]
[TimeControl "180+1"]
[Date "2022.03.09"]
[WhiteClock "0:00:03"]
[BlackClock "0:00:48"]

1. d4 Nf6 2. Bf4 d5 3. e3 c5 4. Nf3 Nc6 5. Nc3 Bg4 6. dxc5 e6 7. Nb5 e5 8. Bg5 Be6 9. Nd6+ Bxd6 10. cxd6 Qxd6 11. c3 Ne4 12. Bh4 f6 13. Bd3 O-O-O 14. Bxe4 dxe4 15. Qxd6 Rxd6 16. Nd2 Bf5 17. O-O-O h5 18. f3 exf3 19. gxf3 g5 20. Bf2 Rhd8 21. e4 Be6 22. b3 Rd3 23. Kc2 b6 24. Rhe1 f5 25. Re3 R3d6 26. Ree1 g4 27. fxg4 hxg4 28. exf5 Bxf5+ 29. Kc1 Rd3 30. Re3 R3d6 31. Bg3 Bg6 32. Bh4 Rd3 33. Rxd3 Rxd3 34. Re1 Rxc3+ 35. Kd1 g3 36. Bxg3 Bh5+ 37. Re2 Bxe2+ 38. Kxe2 Rc2 39. a4 Kd7 40. Kd3 Rc1 41. h4 Ke6 42. Bf2 Rh1 43. Ne4 Ne7 44. Kc4 Nf5 45. Kb5 Nd6+ 46. Nxd6 Kxd6 47. Ka6 Rf1 48. Bg3 Rf7 49. Be1 e4 50. Bd2 Kd5 51. h5 Kd4 52. h6 Kd3 53. Bb4 e3 54. a5 bxa5 55. Bxa5 e2 56. Bb4 Rh7 57. Ba5 Kc2 58. b4 e1=Q 59. b5 Qxa5+ 0-1


[Site "https://www.chess.com"]

[Event "Titled Tuesday Blitz March 08 Early 2022"]
[White "Odegov, Artem"]
[Black "Domingo Nunez, Alejandro"]
[WhiteFideId "34183644"]
[BlackFideId "22245561"]
[WhiteElo "2286"]
[BlackElo "2215"]
[Result "1-0"]
[Round "10"]
[TimeControl "180+1"]
[Date "2022.03.09"]
[WhiteClock "0:00:03"]
[BlackClock "0:00:02"]

1. d4 g6 2. c4 Bg7 3. Nc3 d6 4. e4 Nd7 5. Be3 e5 6. d5 a5 7. Bd3 Nc5 8. Bc2 b6 9. Nge2 h5 10. Qd2 Bh6 11. O-O Bg4 12. f4 Qe7 13. fxe5 Bxe3+ 14. Qxe3 Qxe5 15. Nd4 Bd7 16. Nf3 Qe7 17. Rae1 O-O-O 18. e5 Bg4 19. exd6 Qxd6 20. Ne5 Nh6 21. Nb5 Qf8 22. Nxg6 fxg6 23. Rxf8 Rdxf8 24. Bxg6 Bd7 25. Na7+ Kb7 26. Nc6 Ng4 27. Qg3 Rhg8 28. Ne7 h4 29. Qc3 Rh8 30. h3 Nf6 31. Bb1 Rf7 32. Ng6 Rg8 33. Rf1 Nfe4 34. Bxe4 Nxe4 35. Qd3 Rxf1+ 36. Kxf1 Ng3+ 37. Kg1 Bf5 38. Qf3 Be4 39. Qf7 Rxg6 40. d6 Rxd6 41. Kf2 Rd2+ 42. Ke3 Rd3+ 43. Kf2 Bc6 44. Qh7 Rd2+ 45. Ke3 Rxg2 46. c5 b5 47. Kf4 Rf2+ 48. Ke5 Rxb2 49. Qxh4 Re2+ 50. Kf6 Rf2+ 51. Ke5 Rf5+ 52. Kd4 Rd5+ 53. Kc3 Ne2+ 54. Kb2 Rd2+ 55. Kb1 Be4+ 56. Qxe4+ c6 57. Qe3 Rd1+ 58. Kc2 Ra1 59. Qe7+ Ka6 60. Kb2 Re1 61. Qd8 Nf4 62. Qb6# 1-0


[Site "https://www.chess.com"]

[Event "Titled Tuesday Blitz March 08 Early 2022"]
[White "Oganian, Miran"]
[Black "Costachi, Mihnea"]
[WhiteFideId "4122488"]
[BlackFideId "1217518"]
[WhiteElo "2357"]
[BlackElo "2464"]
[Result "1/2-1/2"]
[Round "10"]
[TimeControl "180+1"]
[Date "2022.03.08"]
[WhiteClock "0:00:05"]
[BlackClock "0:00:10"]

1. e4 e5 2. Nf3 Nc6 3. Nc3 Nf6 4. d4 exd4 5. Nxd4 Bb4 6. Nxc6 bxc6 7. Bd3 d5 8. exd5 O-O 9. O-O cxd5 10. h3 c6 11. Qf3 Bd6 12. Bf4 Rb8 13. b3 Rb4 14. Bxd6 Qxd6 15. Rfe1 Be6 16. Ne2 c5 17. Rad1 a5 18. Ng3 Qc7 19. c3 Rf4 20. Qe3 d4 21. cxd4 Rxd4 22. Bf5 Rxd1 23. Rxd1 Re8 24. Qd2 Bxf5 25. Nxf5 Qe5 26. Ne3 Ne4 27. Qd5 Qf6 28. Ng4 Qe7 29. Re1 Qe6 30. Qd3 h5 31. f3 Qd6 32. Qxd6 Nxd6 33. Rxe8+ Nxe8 34. Ne5 Nd6 35. Kf2 Kf8 36. Nd7+ Ke7 37. Nxc5 Nb5 38. Ke3 Nd6 39. Ne4 Nf5+ 40. Kd3 Nh4 41. Kc4 Nxg2 42. Kb5 Nf4 43. Nf2 Ng6 44. Kxa5 Ne5 45. b4 Nxf3 46. b5 Kd6 47. Ka6 Ne5 48. a4 Kc5 49. b6 Nd7 50. a5 f5 51. Kb7 Kb5 52. Kc7 Nc5 53. b7 Na6+ 54. Kd6 Kxa5 55. Ke5 g6 56. Kf6 Kb6 57. Kxg6 f4 58. Kxh5 Kxb7 59. Kg6 Nc5 60. h4 Kc7 61. h5 Kd6 62. h6 Ne6 63. Kf6 Nf8 64. Ne4+ Kd5 65. Ng5 Kd4 66. Kf7 Nh7 67. Nf3+ Ke3 68. Kg7 Kxf3 69. Kxh7 Kg2 70. Kg6 f3 71. h7 f2 72. h8=Q f1=Q 73. Qg7 Qg1 74. Kh7+ Kh1 75. Qh6+ Qh2 76. Qxh2+ Kxh2 1/2-1/2


[Site "https://www.chess.com"]

[Event "Titled Tuesday Blitz March 08 Early 2022"]
[White "Omariev, Maksim"]
[Black "Sychev, Klementy"]
[WhiteFideId "4193423"]
[BlackFideId "4114060"]
[WhiteElo "2440"]
[BlackElo "2564"]
[Result "0-1"]
[Round "10"]
[TimeControl "180+1"]
[Date "2022.03.09"]
[WhiteClock "0:00:01"]
[BlackClock "0:00:04"]

1. g4 d5 2. Bg2 c6 3. h3 e5 4. d4 e4 5. c4 Be6 6. Nc3 Bb4 7. Qb3 Na6 8. cxd5 Bxd5 9. Qc2 Qe7 10. Bf4 Nf6 11. e3 Bxc3+ 12. bxc3 Bc4 13. Ne2 Nc7 14. g5 Nfd5 15. Bxc7 Bd3 16. Qb3 Qxc7 17. c4 Qa5+ 18. Kd1 Nb6 19. Rc1 Qxg5 20. Ng3 O-O 21. Bxe4 Bxe4 22. Nxe4 Qg2 23. Ng3 Qxf2 24. Ne2 Rfe8 25. Rc3 c5 26. d5 Re4 27. Rg1 Rae8 28. Rg3 Rd4+ 29. exd4 Rxe2 30. Kc1 Re1+ 31. Qd1 Rxd1+ 32. Kxd1 cxd4 33. Rcf3 Qxa2 34. d6 Qxc4 35. Rg5 Qa4+ 36. Ke2 Qc6 37. Re5 h6 38. Re7 Qxd6 39. Rfxf7 d3+ 40. Kd1 Qg6 41. Rxb7 Nc4 0-1


[Site "https://www.chess.com"]

[Event "Titled Tuesday Blitz March 08 Early 2022"]
[White "Omelja, Artem"]
[Black "Sanchez, Robert"]
[WhiteFideId "14119846"]
[BlackFideId "2034360"]
[WhiteElo "2382"]
[BlackElo "2284"]
[Result "1-0"]
[Round "10"]
[TimeControl "180+1"]
[Date "2022.03.09"]
[WhiteClock "0:00:06"]
[BlackClock "0:00:16"]

1. d4 d5 2. c4 e6 3. Nc3 Nf6 4. Nf3 Be7 5. Bg5 O-O 6. e3 c5 7. cxd5 Nxd5 8. Bxe7 Qxe7 9. Nxd5 exd5 10. dxc5 Qxc5 11. Be2 Nc6 12. O-O Bg4 13. Rc1 Qd6 14. h3 Bh5 15. Qd2 Rfd8 16. Rfd1 Rac8 17. Nd4 Bxe2 18. Nxe2 h6 19. Nd4 Nxd4 20. Qxd4 a6 21. a3 Rc6 22. Rc3 Rxc3 23. Qxc3 Qc6 24. Qd4 Rd6 25. Rd2 Qc1+ 26. Kh2 b5 27. e4 Rg6 28. exd5 Qf1 29. Qe4 Qc1 30. Rc2 Qd1 31. Rc8+ Kh7 32. Rc6 Qd2 33. h4 h5 34. Qf5 Qxb2 35. Qxh5+ Rh6 36. Rxh6+ gxh6 37. Qxf7+ Kh8 38. Qe8+ Kg7 39. Qe7+ Kh8 40. Qf8+ Kh7 41. d6 Qe5+ 42. g3 Qd4 43. Qf7+ Kh8 44. d7 1-0


[Site "https://www.chess.com"]

[Event "Titled Tuesday Blitz March 08 Early 2022"]
[White "Osmonbekov, Talaibek"]
[Black "Baches Garcia, Guillermo"]
[WhiteFideId "2017253"]
[BlackFideId "2209764"]
[WhiteElo "2135"]
[BlackElo "2408"]
[Result "0-1"]
[Round "10"]
[TimeControl "180+1"]
[Date "2022.03.09"]
[WhiteClock "0:00:08"]
[BlackClock "0:00:34"]

1. d4 Nf6 2. Nc3 c5 3. d5 e5 4. e4 d6 5. f4 Nbd7 6. Nf3 a6 7. a4 Be7 8. Be2 O-O 9. O-O h6 10. g3 b6 11. Kh1 Nh7 12. f5 Ng5 13. Nh4 Nf6 14. Qd3 Bd7 15. Be3 Rb8 16. Ng2 b5 17. h4 c4 18. Qd1 Ngxe4 19. Nxe4 Nxe4 20. Kh2 Bf6 21. axb5 axb5 22. Ra7 Re8 23. c3 Nc5 24. Qc2 e4 25. Rfa1 Bxf5 26. Nf4 Nd3 27. b3 Be5 0-1


[Site "https://www.chess.com"]

[Event "Titled Tuesday Blitz March 08 Early 2022"]
[White "Petrova, Irina"]
[Black "Kovanova, Baira"]
[WhiteFideId "14124122"]
[BlackFideId "4164083"]
[WhiteElo "1993"]
[BlackElo "2190"]
[Result "0-1"]
[Round "10"]
[TimeControl "180+1"]
[Date "2022.03.09"]
[WhiteClock "0:00:13"]
[BlackClock "0:01:02"]

1. e4 e5 2. Nf3 Nc6 3. Bb5 a6 4. Ba4 Nge7 5. O-O g6 6. d3 Bg7 7. c4 O-O 8. Nc3 d6 9. Nd5 h6 10. Be3 f5 11. exf5 gxf5 12. Nxe7+ Qxe7 13. Qc1 f4 14. Bd2 Bg4 15. Bd1 Rae8 16. Bc3 Qf6 17. Nd2 Bxd1 18. Qxd1 Qg6 19. Qf3 Ne7 20. Qe4 Nf5 21. Nf3 c6 22. Rad1 Qf7 23. Qe2 d5 24. cxd5 cxd5 25. Bxe5 Bxe5 26. Nxe5 f3 27. gxf3 Qg7+ 28. Kh1 Qxe5 29. Rg1+ Kh7 30. Qc2 Nd4 31. Qa4 Nxf3 32. Qd7+ Re7 33. Qh3 Nxg1 34. Rxg1 Qf5 0-1


[Site "https://www.chess.com"]

[Event "Titled Tuesday Blitz March 08 Early 2022"]
[White "Piliczewski, Bogusz"]
[Black "Tarini, Goyal"]
[WhiteFideId "1104144"]
[BlackFideId "5082749"]
[WhiteElo "1896"]
[BlackElo "1772"]
[Result "0-1"]
[Round "10"]
[TimeControl "180+1"]
[Date "2022.03.09"]
[WhiteClock "0:00:01"]
[BlackClock "0:00:56"]

1. d4 d5 2. Nf3 Nf6 3. c4 dxc4 4. Nc3 e6 5. e3 c5 6. Bxc4 Nc6 7. O-O Be7 8. Qe2 O-O 9. Rd1 a6 10. a4 Qa5 11. Bd2 Qb6 12. b3 cxd4 13. exd4 Nb4 14. Rac1 Bd7 15. Be3 Nbd5 16. Bg5 Ba3 17. Rc2 Bc6 18. Ne5 Nxc3 19. Rxc3 Ne4 20. Qg4 Nxc3 21. Bf6 g6 22. Qg5 Ne4 23. Qh4 Nxf6 24. Qxf6 Qd8 25. Qf4 Bd6 0-1


[Site "https://www.chess.com"]

[Event "Titled Tuesday Blitz March 08 Early 2022"]
[White "Pinheiro, Iung Alicio de O."]
[Black "Kosteniuk, Alexandra"]
[WhiteFideId "2104350"]
[BlackFideId "4128125"]
[WhiteElo "2557"]
[BlackElo "2469"]
[Result "0-1"]
[Round "10"]
[TimeControl "180+1"]
[Date "2022.03.09"]
[WhiteClock "0:00:09"]
[BlackClock "0:00:13"]

1. c4 e5 2. g3 Nf6 3. Bg2 d5 4. cxd5 Nxd5 5. Nf3 Nc6 6. O-O Nb6 7. d3 Be7 8. Nbd2 O-O 9. a3 Be6 10. b4 f6 11. Bb2 Qd7 12. Qc2 a5 13. b5 Nd8 14. a4 Nf7 15. e4 Rfd8 16. d4 exd4 17. Nxd4 Bh3 18. Nc4 Nxc4 19. Qxc4 Bxg2 20. Kxg2 Bd6 21. Nf5 Kh8 22. Rad1 Qe8 23. f4 Rac8 24. Rfe1 Bf8 25. Rxd8 Rxd8 26. Re2 Qd7 27. Bc3 Qd3 28. Qxd3 Rxd3 29. Bxa5 b6 30. Be1 g6 31. Ne3 Bc5 32. Nd5 f5 33. Nxc7 fxe4 34. Rxe4 Nd6 35. Re2 Nf5 36. Bf2 Bxf2 37. Kxf2 Ra3 38. Re4 Ra2+ 39. Kf3 Ra3+ 40. Ke2 Ra2+ 41. Kd3 Rxh2 42. g4 Rh3+ 43. Kd2 Nd6 44. Rd4 Nf7 45. Rd7 Kg8 46. Ne6 h5 47. g5 h4 48. Rb7 Rh2+ 49. Ke3 h3 50. Kf3 Ra2 51. Rb8+ Kh7 52. Nf8+ Kg7 53. Ne6+ Kh7 54. Rc8 h2 55. Rc1 Nd6 56. Nd4 Rxa4 57. Ke3 Ra3+ 58. Kf2 Ne4+ 59. Kg2 Ra2+ 60. Kf3 Nf2 61. Rc7+ Kg8 62. Rc8+ Kf7 63. Rc7+ Ke8 64. Rh7 h1=Q+ 65. Rxh1 Nxh1 66. Nc6 Rb2 67. Ne5 Rxb5 68. Nxg6 Kf7 69. Nh4 Rb3+ 70. Kg4 Nf2+ 71. Kh5 Rh3 72. f5 Ne4 73. Kg4 Nxg5 74. Kxg5 b5 75. Ng2 Rg3+ 76. Kf4 Rxg2 77. Ke5 b4 0-1


[Site "https://www.chess.com"]

[Event "Titled Tuesday Blitz March 08 Early 2022"]
[White "Popadic, Dragan"]
[Black "Zanette, Edgard Vinicius"]
[WhiteFideId "913650"]
[BlackFideId "2109263"]
[WhiteElo "2222"]
[BlackElo "2182"]
[Result "1-0"]
[Round "10"]
[TimeControl "180+1"]
[Date "2022.03.09"]
[WhiteClock "0:01:13"]
[BlackClock "0:00:10"]

1. e4 e5 2. d4 exd4 3. Qxd4 Nc6 4. Qe3 Nf6 5. Nc3 Bb4 6. Bd2 O-O 7. O-O-O Re8 8. Qg3 d6 9. f3 Be6 10. h4 Ne5 11. Nh3 Bc4 12. f4 Nh5 13. Qe1 Bxf1 14. fxe5 Bxg2 15. Rh2 Bf3 16. exd6 Bxd1 17. Qxd1 Qxd6 18. Rg2 Rad8 19. Qxh5 Bxc3 20. Bxc3 g6 21. Qf3 Rxe4 22. Rg1 Rxh4 23. Ng5 Qf4+ 24. Qxf4 Rxf4 25. Nxh7 Rd6 26. Be5 Rf5 27. Bxd6 cxd6 28. Ng5 d5 29. Kd2 Kg7 30. Ke3 f6 31. Nf3 Rh5 32. Rg2 Kf7 33. Nd4 a6 34. a4 Rh3+ 35. Kd2 f5 36. a5 Kf6 37. Nb3 Ke5 38. Nc5 g5 39. Rxg5 Rh2+ 40. Kc3 Rh3+ 41. Nd3+ Ke4 42. Rg7 f4 43. Re7+ 1-0


[Site "https://www.chess.com"]

[Event "Titled Tuesday Blitz March 08 Early 2022"]
[White "Qashashvili, Alexandre"]
[Black "Dilmukhametov, Artur"]
[WhiteFideId "13600842"]
[BlackFideId "24179922"]
[WhiteElo "2316"]
[BlackElo "2237"]
[Result "1-0"]
[Round "10"]
[TimeControl "180+1"]
[Date "2022.03.09"]
[WhiteClock "0:00:58"]
[BlackClock "0:00:45"]

1. e4 e6 2. d4 d5 3. Nc3 Bb4 4. e5 c5 5. dxc5 Bxc5 6. Nf3 Qb6 7. Qd2 Nc6 8. a3 a5 9. Na4 Qa7 10. Nxc5 Qxc5 11. c3 Bd7 12. Bd3 Nge7 13. O-O O-O 14. Qe2 Ng6 15. Be3 Qe7 16. b4 axb4 17. cxb4 f6 18. Bc5 Qf7 19. Bxf8 Rxf8 20. exf6 Qxf6 21. b5 Nd4 22. Nxd4 Qxd4 23. Bxg6 hxg6 24. a4 b6 25. a5 bxa5 26. Rxa5 Rb8 27. Rb1 Kh7 28. h3 Rb6 29. Qc2 Qc4 30. Qxc4 dxc4 31. Rb4 c3 32. Rc4 Rxb5 33. Rxb5 Bxb5 34. Rxc3 Kh6 35. f4 g5 36. fxg5+ Kxg5 37. Rc5+ Kh6 38. Rxb5 g5 39. Rb6 Kh5 40. Rxe6 g4 41. hxg4+ Kxg4 42. Kf2 Kf5 43. Ra6 Ke5 44. Kf3 Kd5 45. Kf4 Kc5 46. g4 Kb5 47. Re6 Kc5 48. g5 Kd5 49. Re5+ Kd6 50. g6 Kd7 51. g7 Kd6 52. g8=Q Kc7 53. Qg6 Kd7 54. Rf5 Kd8 55. Rf7 Ke8 56. Qg8# 1-0


[Site "https://www.chess.com"]

[Event "Titled Tuesday Blitz March 08 Early 2022"]
[White "Quirke, Jeffrey"]
[Black "Vifleemskaia, Svetlana"]
[WhiteFideId "2013029"]
[BlackFideId "4129490"]
[WhiteElo "2137"]
[BlackElo "1901"]
[Result "1-0"]
[Round "10"]
[TimeControl "180+1"]
[Date "2022.03.09"]
[WhiteClock "0:00:09"]
[BlackClock "0:00:02"]

1. c4 c5 2. Nf3 Nf6 3. Nc3 d5 4. cxd5 Nxd5 5. e4 Nc7 6. d4 cxd4 7. Qxd4 Nc6 8. Qxd8+ Nxd8 9. Bf4 Nde6 10. Be3 Bd7 11. O-O-O f6 12. Bc4 Nd8 13. e5 b5 14. Bb3 e6 15. Ne4 Nb7 16. exf6 O-O-O 17. Ne5 Nd5 18. Nf7 Bb4 19. Nxh8 Rxh8 20. fxg7 Rg8 21. Bxd5 exd5 22. Nf6 Rxg7 23. Nxd5 Bc5 24. g3 Rf7 25. Bxc5 Nxc5 26. Nf4 Bc6 27. Rhe1 Kb7 28. Rd2 Bf3 29. Re3 Bc6 30. f3 a5 31. Rc2 Kb6 32. Rxc5 Kxc5 33. Kd2 Kb6 34. Re6 Rd7+ 35. Ke3 Kc5 36. h4 Rd1 37. g4 Re1+ 38. Ne2 Rb1 39. b3 Rb2 40. Re5+ Bd5 41. Nf4 1-0


[Site "https://www.chess.com"]

[Event "Titled Tuesday Blitz March 08 Early 2022"]
[White "Roman, Rodrigo"]
[Black "Fiorito, Fabian"]
[WhiteFideId "3701220"]
[BlackFideId "100200"]
[WhiteElo "2001"]
[BlackElo "2395"]
[Result "0-1"]
[Round "10"]
[TimeControl "180+1"]
[Date "2022.03.09"]
[WhiteClock "0:02:05"]
[BlackClock "0:02:08"]

1. e4 c6 2. e5 d5 3. exd6 exd6 4. d4 d5 5. Nf3 Nf6 6. Bd3 Bd6 7. Nbd2 O-O 8. O-O Bg4 9. b3 Nbd7 10. Bb2 Qc7 11. h3 Bh5 12. Re1 Rfe8 13. Re2 Bf4 14. Rxe8+ Rxe8 15. Nf1 Ne4 16. g4 Bg6 17. Nh4 Qd6 18. Qf3 Ng5 19. Qg2 Bxd3 20. cxd3 g6 21. Nf3 Re2 22. Rb1 Qf6 23. Ng3 Bxg3 24. Nxg5 Bxf2+ 25. Kh1 Qxg5 26. Qf3 Qe3 0-1


[Site "https://www.chess.com"]

[Event "Titled Tuesday Blitz March 08 Early 2022"]
[White "Romanchuk, Viktor"]
[Black "Ibraev, Vasilij"]
[WhiteFideId "14109271"]
[BlackFideId "4175190"]
[WhiteElo "2242"]
[BlackElo "2121"]
[Result "1-0"]
[Round "10"]
[TimeControl "180+1"]
[Date "2022.03.09"]
[WhiteClock "0:02:07"]
[BlackClock "0:00:18"]

1. d4 d5 2. c4 c6 3. Nc3 e6 4. e3 f5 5. Bd3 Nf6 6. f3 Bd6 7. Nge2 O-O 8. Qc2 g6 9. O-O Nbd7 10. Bd2 Qe7 11. e4 fxe4 12. fxe4 dxe4 13. Nxe4 Nxe4 14. Bxe4 Nf6 15. Bh6 Rf7 16. Bxg6 hxg6 17. Qxg6+ Kh8 18. Bg5 Bd7 19. Bxf6+ Rxf6 20. Rxf6 Rg8 21. Qh5+ Kg7 22. Rg6+ Kf8 23. Rf1+ 1-0


[Site "https://www.chess.com"]

[Event "Titled Tuesday Blitz March 08 Early 2022"]
[White "Rudykh, Stepan"]
[Black "P., Komal Kishore"]
[WhiteFideId "4180321"]
[BlackFideId "5016703"]
[WhiteElo "2129"]
[BlackElo "2126"]
[Result "0-1"]
[Round "10"]
[TimeControl "180+1"]
[Date "2022.03.09"]
[WhiteClock "0:01:03"]
[BlackClock "0:01:00"]

1. e4 c6 2. d4 d5 3. Nc3 dxe4 4. Nxe4 Bf5 5. Ng3 Bg6 6. h4 h6 7. h5 Bh7 8. Nf3 Nd7 9. Bd3 Bxd3 10. Qxd3 e6 11. Bf4 Qa5+ 12. Bd2 Bb4 13. c3 Be7 14. c4 Bb4 15. a3 Bxd2+ 16. Nxd2 Ngf6 17. b4 Qc7 18. Nf3 Rd8 19. O-O O-O 20. Rad1 Qf4 21. Qe3 Qg4 22. Nh2 Qg5 23. Qxg5 hxg5 24. Nf3 g4 25. Ng5 a5 26. Rfe1 axb4 27. axb4 Nb6 28. N3e4 Nxc4 29. Nxf6+ gxf6 30. Ne4 f5 31. Nc5 b6 32. Nd3 Rxd4 33. Nf4 Rxf4 0-1


[Site "https://www.chess.com"]

[Event "Titled Tuesday Blitz March 08 Early 2022"]
[White "Rustemov, Alexander"]
[Black "Gabdrakhmanov, Azat"]
[WhiteFideId "4119002"]
[BlackFideId "34189197"]
[WhiteElo "2766"]
[BlackElo "2279"]
[Result "1-0"]
[Round "10"]
[TimeControl "180+1"]
[Date "2022.03.08"]
[WhiteClock "0:01:34"]
[BlackClock "0:00:50"]

1. d4 Nf6 2. c4 g6 3. Nf3 Bg7 4. g3 O-O 5. Bg2 d6 6. Nc3 c5 7. O-O Nc6 8. dxc5 dxc5 9. Bf4 Be6 10. Ne5 Na5 11. Qc1 Nh5 12. Rd1 Qb6 13. Nd5 Bxd5 14. cxd5 Rfd8 15. Rb1 g5 16. Bxg5 Bxe5 17. Bxe7 Bf6 18. Bxc5 Qb5 19. b4 Nc4 20. a4 Qa6 21. b5 Qxa4 22. Rb4 Qa2 23. Qxc4 Qxc4 24. Rxc4 Rac8 25. Rdc1 Be5 26. Bxa7 Rxc4 27. Rxc4 Nf6 28. e4 Nd7 29. f4 Bb2 30. e5 b6 31. d6 Ba3 32. Rc7 Bc5+ 33. Kf1 Nf8 34. Bd5 1-0


[Site "https://www.chess.com"]

[Event "Titled Tuesday Blitz March 08 Early 2022"]
[White "Sadhwani, Raunak"]
[Black "Erigaisi Arjun"]
[WhiteFideId "35093487"]
[BlackFideId "35009192"]
[WhiteElo "2616"]
[BlackElo "2745"]
[Result "1-0"]
[Round "10"]
[TimeControl "180+1"]
[Date "2022.03.08"]
[WhiteClock "0:00:06"]
[BlackClock "0:00:06"]

1. d4 e6 2. Nf3 c5 3. c3 Nf6 4. Bf4 Nc6 5. e3 d5 6. Nbd2 cxd4 7. exd4 Nh5 8. Be3 Bd6 9. Bd3 Nf4 10. Bxf4 Bxf4 11. g3 Bc7 12. O-O O-O 13. Re1 f6 14. c4 Nb4 15. Bf1 dxc4 16. Bxc4 Nd5 17. Rc1 Rf7 18. Qb3 Ba5 19. Re2 Rc7 20. Ne4 b6 21. Nc3 Bxc3 22. bxc3 Qd6 23. Rce1 Qc6 24. Nd2 Kf7 25. a4 Bd7 26. f4 g6 27. Ne4 a6 28. Bxd5 exd5 29. Nf2 Re8 30. Qb4 Rxe2 31. Rxe2 Bf5 32. g4 a5 33. Qb3 Be6 34. Kg2 Kg7 35. h3 Bf7 36. h4 Qd6 37. Nd3 Be6 38. Kg3 g5 39. hxg5 fxg5 40. Re5 gxf4+ 41. Nxf4 Bf7 42. Qc2 Qa3 43. Re3 Qa1 44. Qf2 Rxc3 45. Nd3 Qa3 46. Qf3 Qd6+ 47. Ne5 Rxe3 48. Qxe3 Qf6 49. Qc3 h5 50. Qc7 hxg4 51. Kxg4 Qe6+ 52. Kf4 Kf6 53. Qd8+ Kg7 54. Qg5+ Bg6 55. Qd8 Qf5+ 56. Kg3 Bh5 57. Qxb6 Qg5+ 58. Kh3 Bg6 59. Qxg6+ Qxg6 60. Nxg6 Kxg6 61. Kg4 Kf6 62. Kf4 1-0


[Site "https://www.chess.com"]

[Event "Titled Tuesday Blitz March 08 Early 2022"]
[White "Sahil, Tickoo"]
[Black "Ardila, Oscar Humberto"]
[WhiteFideId "5019710"]
[BlackFideId "4404742"]
[WhiteElo "2099"]
[BlackElo "1966"]
[Result "0-1"]
[Round "10"]
[TimeControl "180+1"]
[Date "2022.03.09"]
[WhiteClock "0:00:09"]
[BlackClock "0:00:19"]

1. d4 Nf6 2. Bg5 e6 3. e3 Be7 4. Bd3 d6 5. Nf3 h6 6. Bh4 Nbd7 7. O-O c5 8. c3 Qc7 9. Bg3 O-O 10. Nbd2 b6 11. Ne4 Bb7 12. Nxf6+ Nxf6 13. Qe2 Ne4 14. Rfd1 a6 15. Nd2 Nxg3 16. hxg3 f5 17. e4 fxe4 18. Bxe4 d5 19. Bd3 Rf6 20. Nf3 c4 21. Bc2 Raf8 22. Rf1 Bd6 23. Rae1 Bc6 24. Ne5 Be8 25. f4 b5 26. a3 a5 27. Rf2 b4 28. axb4 axb4 29. Qe3 bxc3 30. bxc3 Bxe5 31. Qxe5 Qxe5 32. Rxe5 Bg6 33. Bxg6 Rxg6 34. Kh2 Rgf6 35. Rb2 R8f7 36. Rb6 Re7 37. Kh3 Kf7 38. Kg4 Rg6+ 39. Kf3 Rf6 40. Ke3 Ra7 41. Kf3 g5 42. Re3 Ra2 43. Rb7+ Kg6 44. Re7 h5 45. Re2 Rxe2 46. Kxe2 gxf4 47. gxf4 Kf5 48. Kf3 h4 49. Rg7 Rh6 50. Rg5+ Kf6 51. Kg4 Rh8 52. Kf3 Ra8 53. Kg4 Ra3 54. Kxh4 Rxc3 55. Rh5 Rd3 56. Kg4 c3 57. Rh6+ Ke7 58. Rh7+ Kd6 59. Rh1 Rxd4 60. Kg5 c2 61. Rc1 Rc4 62. g4 d4 63. f5 exf5 64. gxf5 d3 65. f6 d2 0-1


[Site "https://www.chess.com"]

[Event "Titled Tuesday Blitz March 08 Early 2022"]
[White "Sailer, Mike"]
[Black "Matveeva, Olga"]
[WhiteFideId "2012901"]
[BlackFideId "24107018"]
[WhiteElo "2109"]
[BlackElo "2083"]
[Result "1-0"]
[Round "10"]
[TimeControl "180+1"]
[Date "2022.03.09"]
[WhiteClock "0:00:35"]
[BlackClock "0:00:34"]

1. d4 Nf6 2. Nf3 g6 3. Bf4 Bg7 4. e3 d6 5. Be2 O-O 6. O-O Nh5 7. Bg5 h6 8. Bh4 Nd7 9. c4 c6 10. Nc3 Nhf6 11. Rc1 Kh7 12. b4 a5 13. b5 Qc7 14. a4 e5 15. Bg3 Re8 16. c5 Nh5 17. cxd6 Qxd6 18. Bxe5 Nxe5 19. Nxe5 Bxe5 20. dxe5 Qxe5 21. bxc6 bxc6 22. Bxh5 Qxh5 23. Qxh5 gxh5 24. Rfd1 Bg4 25. Rd6 Rac8 26. f3 Be6 27. Ne4 Bd5 28. Nf6+ Kg7 29. Nxe8+ Rxe8 30. e4 Bb3 31. Rcxc6 Bxa4 32. Ra6 Rc8 33. Rxa5 Rc1+ 34. Kf2 Rc2+ 35. Kg3 Bb3 36. Rxh5 Be6 37. Ra5 Rb2 38. Ra7 Kf6 39. h3 Rc2 40. f4 Rc3+ 41. Kh2 h5 42. Rb6 Rb3 43. Rba6 Re3 44. f5 Rxe4 45. fxe6 fxe6 46. Rb7 h4 47. Rbb6 Kf5 48. Rb5+ e5 49. Rab6 Re2 50. Rb2 Re4 51. Rf2+ Kg5 52. Rb8 Re1 53. Rg8+ Kh6 54. Rg4 Kh5 55. Rf8 1-0


[Site "https://www.chess.com"]

[Event "Titled Tuesday Blitz March 08 Early 2022"]
[White "Samadov, Read"]
[Black "Seo, Jung Min"]
[WhiteFideId "13417444"]
[BlackFideId "1734687"]
[WhiteElo "2084"]
[BlackElo "2401"]
[Result "1-0"]
[Round "10"]
[TimeControl "180+1"]
[Date "2022.03.08"]
[WhiteClock "0:00:36"]
[BlackClock "0:01:06"]

1. d4 Nf6 2. c4 e6 3. Nf3 d5 4. g3 Be7 5. Bg2 O-O 6. O-O dxc4 7. Qc2 a6 8. a4 Bd7 9. Qxc4 Bc6 10. Bg5 Nbd7 11. Nc3 h6 12. Bxf6 Nxf6 13. Rfd1 a5 14. Rac1 Re8 15. Qd3 Bxf3 16. Bxf3 c6 17. h4 Qb6 18. Qc2 Rad8 19. e3 Nd5 20. h5 Bd6 21. Qe2 Qb4 22. Be4 Nxc3 23. bxc3 Qxa4 24. Rb1 Qa3 25. Bc2 Bf8 26. Qd3 f5 27. Rxb7 c5 28. Bb3 a4 29. Qa6 cxd4 30. Bxe6+ Kh8 31. Rxd4 Qxc3 32. Bxf5 Rxd4 33. Qg6 Qc1+ 34. Kg2 1-0


[Site "https://www.chess.com"]

[Event "Titled Tuesday Blitz March 08 Early 2022"]
[White "Samaganova, Aleksandra"]
[Black "Tsatsalashvili, Keti"]
[WhiteFideId "13800221"]
[BlackFideId "13603434"]
[WhiteElo "1859"]
[BlackElo "2246"]
[Result "1-0"]
[Round "10"]
[TimeControl "180+1"]
[Date "2022.03.09"]
[WhiteClock "0:00:03"]
[BlackClock "0:00:02"]

1. c4 e6 2. Nc3 d5 3. e3 Nf6 4. Nf3 Be7 5. d4 O-O 6. cxd5 exd5 7. Bd3 c6 8. h3 b6 9. O-O Ba6 10. a3 Bxd3 11. Qxd3 Nbd7 12. b4 a6 13. Rb1 Bd6 14. e4 dxe4 15. Nxe4 Nxe4 16. Qxe4 Qc7 17. Ng5 Nf6 18. Qc2 Rfe8 19. Bb2 h6 20. Nf3 Nd5 21. Rbc1 Re6 22. Ne5 Rc8 23. Qxc6 Qxc6 24. Rxc6 Rxc6 25. Nxc6 Re2 26. Ba1 f6 27. Rc1 Bf4 28. Rd1 Kf7 29. Na7 Ra2 30. b5 Rxa3 31. bxa6 Rxa6 32. Nb5 Ra2 33. Rb1 g5 34. g3 Bd2 35. Nd6+ Ke6 36. Nc4 Ba5 37. Bb2 Kd7 38. Ba3 Kc6 39. Bf8 h5 40. Nd6 Rc2 41. Nb5 Bd2 42. Na7+ Kb7 43. Nb5 Rc1+ 44. Rxc1 Bxc1 45. Kf1 Bb2 46. Ke2 Kc6 47. Nd6 Bxd4 48. Ne4 Be5 49. Kd3 b5 50. Kc2 b4 51. Kb3 Kb5 52. Bg7 h4 53. Nxg5 1-0


[Site "https://www.chess.com"]

[Event "Titled Tuesday Blitz March 08 Early 2022"]
[White "Samant Aditya S"]
[Black "Soderstrom, Adrian"]
[WhiteFideId "35080580"]
[BlackFideId "1745786"]
[WhiteElo "1916"]
[BlackElo "2107"]
[Result "0-1"]
[Round "10"]
[TimeControl "180+1"]
[Date "2022.03.09"]
[WhiteClock "0:00:04"]
[BlackClock "0:01:07"]

1. d4 Nf6 2. c4 e5 3. dxe5 Ng4 4. Nc3 Nxe5 5. e4 Bb4 6. f4 Nec6 7. Nf3 d6 8. Bd3 Bg4 9. Be3 Nd7 10. O-O Bc5 11. Qd2 O-O 12. Nd5 Re8 13. h3 Bxf3 14. Rxf3 Bxe3+ 15. Rxe3 Nc5 16. Bc2 Ne7 17. b4 Nd7 18. Rae1 a5 19. e5 dxe5 20. fxe5 Nf8 21. Rg3 axb4 22. Nf6+ Kh8 23. Qf2 Rxa2 24. Nxe8 Qxe8 25. Qd2 Ne6 26. Qd3 Ng6 27. Qb3 Ra3 28. Qxb4 Rxg3 29. Qxb7 Nef4 30. Be4 h5 31. Kh2 Rg5 32. Ra1 Qxe5 33. Ra8+ Kh7 34. Bxg6+ Nxg6+ 0-1


[Site "https://www.chess.com"]